 Dungeon Crawl Stone Soup version 0.30-a0-949-g53dc5368d7 (webtiles) character file.

Game seed: 15112426078891874700

53 cforsyth the Trooper (level 4, -5/37 HPs)
             Began as a Formicid Fighter on Mar 27, 2023.
             Slain by Terence
             ... wielding a +0 flail
              (6 damage)
             ... on level 2 of the Dungeon.
             The game lasted 00:02:04 (1667 turns).

cforsyth the Trooper (Formicid Fighter)             Turns: 1667, Time: 00:02:05

Health: -5/37      AC:  6    Str: 23    XL:     4   Next: 11%
Magic:  4/4        EV:  9    Int:  7    God:
Gold:   44         SH:  5    Dex: 13    Spells: 3/3 levels left

rFire   . . .      SeeInvis +    a - +0 flail
rCold   . . .      Faith    .    c - +0 buckler
rNeg    . . .      Spirit   .    b - +0 scale mail
rPois   .          Reflect  .    (helmet unavailable)
rElec   .          Rampage  .    (no cloak)
rCorr   .                        (no gloves)
Will    .....                    (no boots) Stlth
                                 (no amulet)
HPRegen 0.26/turn                (no ring)
MPRegen 0.09/turn                (no ring)

@: no status effects
A: permanent stasis, dig shafts and tunnels, antennae 3, four strong arms
a: Dig, Shaft Self


You were on level 2 of the Dungeon.
You visited 1 branch of the dungeon, and saw 2 of its levels.

You collected 101 gold pieces.
You spent 57 gold pieces at shops.

Inventory:

Hand Weapons
 a - a +0 flail (weapon)
Armour
 b - a +0 scale mail (worn)
 c - a +0 buckler (worn)
Scrolls
 e - a scroll of fog {unknown}
 g - 3 scrolls of identify {unknown}
 j - a scroll of poison {unknown}
 k - a scroll of blinking {unknown}
 l - a scroll of amnesia {unknown}
 o - a scroll of magic mapping {unknown}
 p - a scroll of enchant armour {unknown}
Potions
 d - a potion of might
 f - a potion of curing {unknown}
 h - a potion of cancellation {unknown}
 i - a potion of lignification {unknown}
 m - 2 potions of invisibility {unknown}
 n - a potion of flight {unknown}


   Skills:
 + Level 4.3 Fighting
 + Level 3.2 Maces & Flails
 - Level 3.2 Armour
 - Level 4.0 Shields


You had 3 spell levels left.
You didn't know any spells.
Your spell library contained the following spells:

 Spells                   Type           Power      Damage    Failure   Level
 Ensorcelled Hibernation  Hex/Ice        0%         N/A       91%         2
 Hailstorm                Conj/Ice       0%         3d3       99%         3
 Spider Form              Tmut/Pois      0%         N/A       99%         3
 Anguish                  Hex/Necr       0%         N/A       100%        4
 Ice Form                 Ice/Tmut       0%         N/A       100%        4
 Simulacrum               Ice/Necr       0%         N/A       100%        6


Dungeon Overview and Level Annotations

Branches:
Dungeon (2/15)

Altars:

Shops:
D:1 *(:[

Annotations:
D:2 Terence


Innate Abilities, Weirdness & Mutations

You cannot be hasted, slowed, berserked, paralysed or teleported.
You can dig through walls and to a lower floor.
You have a pair of large antennae on your head. (SInv)
Your four strong arms can wield two-handed weapons with a shield.


Message History

You are too injured to fight recklessly!
You are too injured to fight recklessly!
You are too injured to fight recklessly!
You are too injured to fight recklessly!
You are too injured to fight recklessly!
You are too injured to fight recklessly!
You are too injured to fight recklessly!
You are too injured to fight recklessly!
You are too injured to fight recklessly!
You completely miss Terence.
Terence is lightly wounded.
Terence barely misses you.
Unknown command.
You closely miss Terence.
Terence is lightly wounded.
Terence closely misses you.
You sock Terence!
Terence is heavily wounded.
Terence hits you with a +0 flail.
You completely miss Terence.
Terence is heavily wounded.
Terence barely misses you. x2
You closely miss Terence.
Terence is heavily wounded.
Terence hits you with a +0 flail.
You barely miss Terence.
Terence is heavily wounded.
Terence closely misses you.
You barely miss Terence.
Terence is heavily wounded.
Terence hits you with a +0 flail.
* * * LOW HITPOINT WARNING * * *
Terence hits you with a +0 flail.
* * * LOW HITPOINT WARNING * * *
Are you sure you want to shaft yourself?
Terence hits you with a +0 flail.
* * * LOW HITPOINT WARNING * * *
You begin to dig a shaft.
You continue digging a shaft.
Terence hits you with a +0 flail.
You die...

#......#### #........
#####.........# #..[.....
#.........#.#.######........
....>>.............+........
......##..######.###.....###
......##<.#.(.#.....###### #
..........#.#.#####.# ####
#....####.....# #.# #... #..
###@### #.#####.## # #@#
#.......## #J# ##########
#.# # #.# ..# ... ...


You could see Terence and an endoplasm.

Vanquished Creatures
  2 worms (D:1)
  2 dart slugs
  2 ball pythons (D:1)
  2 endoplasms (D:1)
  3 giant cockroaches
  6 goblins
  4 hobgoblins (D:1)
  3 quokkas
  4 bats
  7 kobolds
  6 rats
41 creatures vanquished.

Notes
Turn   | Place    | Note
-------+----------+-------------------------------------------
     0 | D:1      | cforsyth the Formicid Fighter began the quest for the Orb.
     0 | D:1      | Reached XP level 1. HP: 18/18 MP: 1/1
   227 | D:1      | Reached XP level 2. HP: 22/24 MP: 2/2
   436 | D:1      | Found Hemoq's Antique Weapon Emporium.
   549 | D:1      | Reached XP level 3. HP: 19/30 MP: 3/3
   795 | D:1      | Found Ezexuorgh's Assorted Antiques.
   820 | D:1      | Bought a puce potion for 18 gold pieces
   820 | D:1      | Bought a bubbling grey potion for 18 gold pieces
   820 | D:1      | Bought a scroll labelled KEUGUGHEIXE for 21 gold pieces
   904 | D:1      | Found Galothon's Antique Armour Shop.
  1151 | D:1      | Found Suaxzaw's Book Boutique.
  1413 | D:2      | Reached XP level 4. HP: 37/37 MP: 4/4
  1650 | D:2      | Noticed Terence
  1666 | D:2      | HP: 1/37 [Terence/+0 flail (2)]
  1667 | D:2      | Slain by Terence

Illustrated notes

Levels and vault maps discovered:
D:1:      minmay_arrival_wavy_path, layout_basic, serial_shops, shop_fountains,
          nicolae_shop_advertising_works [nicolae_subvault_shop_adworks], shop,
          shop, nicolae_wormholes
D:2:      layout_basic, uniq_robin, uniq_sigmund, uniq_terence

Skill      XL: |  1  2  3 |
---------------+----------+-----
Fighting       | 4 |  4.3
Maces & Flails | 3 |  3.2
Armour         | |  3.2
Shields        | |  4.0

Action                     |  1- 3 |  4- 6 || total
---------------------------+-------+-------++-------
  Melee: Flail             |   104 |    22 ||   126
Ability: Shaft Self        |       |     1 ||     1
 Armour: Scale mail        |    49 |    10 ||    59
  Dodge: Dodged            |    40 |    11 ||    51
  Block: Buckler           |    24 |     5 ||    29

Table legend: (Time is in decaauts)
 A = Elapsed time spent in this place.
 B = Non-inter-level travel time spent in this place.
 C = Inter-level travel time spent in this place.
 D = Time resting spent in this place.
 E = Time spent auto-exploring this place.
 F = Levels seen in this place.
 G = Mean time per level.
                   A        B        C        D        E       F      G
               +--------+--------+--------+--------+--------+-----+--------+
         Total |   1701 |   1656 |     45 |      0 |   1359 |   2 |  850.5 |
       Dungeon |   1701 |   1656 |     45 |      0 |   1359 |   2 |  850.5 |
               +--------+--------+--------+--------+--------+-----+--------+

Top non-repeatable levels by time:
     D:1: 1326 daAuts
     D:2: 375 daAuts
